 Dungeon Crawl Stone Soup version 0.30.0-5-g1a98f26d00 (webtiles) character file.

Game seed: 16172618541556418771

1883 Foic the Artisan of Death (level 8, -1/41 HPs)
             Began as a Deep Elf Necromancer on May 10, 2023.
             Was a Priest of Kikubaaqudgha.
             Slain by an ufetubus (2 damage)
             ... on level 6 of the Dungeon.
             The game lasted 00:45:43 (6121 turns).

Foic the Artisan of Death (Deep Elf Necromancer)    Turns: 6121, Time: 00:45:44

Health: -1/41      AC:  3    Str:  5    XL:     8   Next: 92%
Magic:  18/23      EV: 15    Int: 23    God:    Kikubaaqudgha [***...]
Gold:   267        SH:  0    Dex: 15    Spells: 7/25 levels left

rFire   . . .        a - staff of death
rCold   . . .        (no shield)
rNeg    + . .        p - +0 robe
rPois   .            (no helmet)
rElec   .            s - +0 cloak
rCorr   .            (no gloves)
SInv    .            (no boots)
Will    .....        (no amulet)
Stlth   +++          (no ring)
HPRegen 0.26/turn    (no ring)
MPRegen 0.18/turn

%: no passive effects
@: animating dead
A: no striking features
a: Renounce Religion, Unearth Wretches


You were on level 6 of the Dungeon.
You worshipped Kikubaaqudgha.
Kikubaaqudgha was most pleased with you.
You visited 1 branch of the dungeon, and saw 6 of its levels.

You collected 267 gold pieces.

Inventory:

Hand Weapons
 b - a +0 sling
 e - a +4 dagger of venom
 f - a +2 scimitar of electrocution
 o - a +0 dagger of venom
Missiles
 x - 2 poisoned darts
 y - 10 stones (quivered)
Armour
 p - a +0 robe (worn)
 q - a +0 leather armour
 s - a +0 cloak (worn)
 u - the +5 ring mail "Vohumi" {Harm rCorr Int+6 Dex-2}
   (You found it on level 4 of the Dungeon)

   Int:       It affects your intelligence (+6).
   Dex:       It affects your dexterity (-2).
   rCorr:     It protects you from acid and corrosion.
   Harm:      It increases damage dealt and taken.
 w - a +0 pair of gloves
Magical Staves
 a - a staff of death (weapon)
Wands
 h - a wand of flame (29)
 n - a wand of mindburst (7)
 z - a wand of roots (8)
Scrolls
 c - a scroll of immolation {unknown}
 d - 2 scrolls of blinking {unknown}
 g - 5 scrolls of identify {unknown}
 i - 2 scrolls of vulnerability {unknown}
 m - a scroll of noise {unknown}
 r - 2 scrolls of fog {unknown}
 t - a scroll of teleportation {unknown}
 v - a scroll of poison {unknown}
Potions
 j - 2 potions of brilliance {unknown}
 k - a potion of might
 l - a potion of magic
 A - a potion of haste


   Skills:
 + Level 6.1 Dodging
 + Level 6.4 Stealth
 * Level 9.3 Spellcasting
 * Level 9.4 Necromancy


You had 7 spell levels left.
You knew the following spells:

 Your Spells              Type           Power      Damage    Failure   Level
a - Necrotise             Necr           100%       1d9       1%          1
b - Vampiric Draining     Necr           69%        2d10      1%          3
c - Animate Dead          Necr           69%        N/A       1%          4
d - Dispel Undead         Necr           69%        3d23      1%          4
e - Death Channel         Necr           34%        N/A       19%         6

Your spell library contained the following spells:

 Spells                   Type           Power      Damage    Failure   Level
 Cigotuvi's Dreadful Rot  Necr/Pois/Air  74%        N/A       2%          2
 Agony                    Necr           69%        N/A       3%          5
 Call Canine Familiar     Summ           10%        N/A       19%         3
 Portal Projectile        Hex/Tloc       20%        N/A       19%         3
 Vhi's Electric Charge    Tloc/Air       20%        N/A       19%         3
 Leda's Liquefaction      Hex/Erth       5%         N/A       52%         4
 Simulacrum               Ice/Necr       24%        N/A       80%         6
 Arcjolt                  Conj/Air       5%         1d15      86%         5
 Plasma Beam              Fire/Air       5%         2x1d17    100%        6


Dungeon Overview and Level Annotations

Branches:
Dungeon (6/15)             Temple (0/1) D:4

Altars:
Gozag
Hepliaklqana
Kikubaaqudgha
Yredelemnul

Shops:
D:1 ?   D:2 *

Annotations:
D:5 2 runed translucent doors


Message History

Confirm with . or Enter, or press ? or * to list all spells.
Aiming: Necrotise (safe; 1% risk of failure)
Press: ? - help, Shift-Dir - straight line, f/p - gnoll
Aim: a gnoll, wielding a +0 spear (lightly wounded, chance to affect: 88%)
You feel a surge of power!
The gnoll writhes in agony.
Casting: Necrotise (safe; 1% risk of failure)
Confirm with . or Enter, or press ? or * to list all spells.
Aiming: Necrotise (safe; 1% risk of failure)
Press: ? - help, Shift-Dir - straight line, f/p - gnoll
Aim: a gnoll, wielding a +0 spear (lightly wounded, chance to affect: 88%)
You feel a surge of power!
The gnoll writhes in agony.
Casting: Necrotise (safe; 1% risk of failure)
Confirm with . or Enter, or press ? or * to list all spells.
Okay, then.
You closely miss the ufetubus.
The ufetubus hits you but does no damage.
The ufetubus closely misses you.
You miss the ufetubus. The ufetubus completely misses you.
The ufetubus hits you. The ufetubus misses you. The ufetubus hits you.
You hit the ufetubus but do no damage. The ufetubus barely misses you. x2
The ufetubus misses you. The ufetubus closely misses you.
You miss the ufetubus. The ufetubus closely misses you. x2
The gnoll hits you from afar with a +0 spear.
The ufetubus hits you. x2
You barely miss the ufetubus.
The gnoll hits you from afar with a +0 spear!
The ufetubus closely misses you. The ufetubus hits you.
The gnoll hits you but does no damage. The ufetubus hits you. x2
You hit the ufetubus but do no damage. The ufetubus hits you.
* * * LOW HITPOINT WARNING * * *
The ufetubus barely misses you.
The gnoll hits you from afar with a +0 spear.
* * * LOW HITPOINT WARNING * * *
The ufetubus attacks as you move away! The ufetubus hits you.
* * * LOW HITPOINT WARNING * * *
The ufetubus barely misses you. The ufetubus hits you.
* * * LOW HITPOINT WARNING * * *
The ufetubus hits you.
You die...
Kikubaaqudgha rasps: "You have failed me!
Welcome... death!"

.... +. ..... #..
...#############
#.##..#...........#
.....#.#.......#.#
#...#.##.####.#
#..#5@..# #<#
#..g###### ###
#..........
#.#####...# ... .#
..... ......g
....... .......


You could see a gnoll and an ufetubus.

Vanquished Creatures
  Pikel (D:4)
  Grinder (D:3)
  Duvessa (D:5)
  2 black bears (D:5)
  2 ogres
  A wyvern zombie (D:5)
  Dowan (D:5)
  A bullfrog zombie (D:5)
  A hound (D:5)
  A jelly (D:6)
  3 iguanas
  Natasha (thrice) (D:3)
  2 killer bee zombies (D:5)
  Robin (D:3)
  4 gnolls (D:5)
  9 adders
  A river rat (D:3)
  A white imp (D:5)
  An ufetubus (D:6)
  A worm (D:3)
  5 dart slugs
  6 orcs
  5 ball pythons
  8 endoplasms
  5 giant cockroaches
  19 goblins
  7 hobgoblins
  3 jackals (D:4)
  11 kobolds
  3 quokkas
  6 bats
  3 frilled lizards
  4 rats
123 creatures vanquished.

Vanquished Creatures (collateral kills)
  A jelly (D:4)
  An iguana (D:4)
  A hound zombie (D:5)
  A howler monkey zombie (D:5)
  A shadow imp (D:5)
  A worm (D:4)
  3 orcs (D:5)
  2 goblins (D:3)
  A spectral goblin (D:5)
12 creatures vanquished.

Vanquished Creatures (others)
  2 black bear zombies (D:5)
  An ogre zombie (D:4)
  A hound zombie (D:5)
  2 elf zombies (D:5)
  2 adder zombies
  A ball python zombie (D:3)
  3 gnoll zombies (D:5)
  6 goblin zombies
  A hobgoblin zombie (D:4)
19 creatures vanquished.

Grand Total: 154 creatures vanquished

Notes
Turn   | Place    | Note
-------+----------+-------------------------------------------
     0 | D:1      | Foic the Deep Elf Necromancer began the quest for the Orb.
     0 | D:1      | Reached XP level 1. HP: 10/10 MP: 6/6
    90 | D:1      | Reached skill level 5 in Necromancy
   157 | D:1      | Reached XP level 2. HP: 15/15 MP: 6/8
   343 | D:1      | Found Ofoa's Magic Scroll Emporium.
   639 | D:1      | Reached XP level 3. HP: 19/19 MP: 5/10
  1119 | D:2      | Learned a level 3 spell: Vampiric Draining
  1530 | D:2      | Found Epukot's Assorted Antiques.
  1650 | D:2      | Reached XP level 4. HP: 24/24 MP: 10/12
  1809 | D:3      | Found an opulent altar of Gozag.
  1879 | D:3      | Learned a level 4 spell: Animate Dead
  1929 | D:3      | Found a faded altar of an unknown god.
  1939 | D:3      | Prayed at the altar of an unknown god.
  1939 | D:3      | Became a worshipper of Kikubaaqudgha
  1939 | D:3      | Reached * piety under Kikubaaqudgha
  1939 | D:3      | Received a gift from Kikubaaqudgha
  2136 | D:3      | Noticed Natasha
  2138 | D:3      | Noticed Grinder
  2143 | D:3      | Killed Natasha
  2161 | D:3      | Paralysed by Grinder for 3 turns
  2164 | D:3      | Killed Grinder
  2165 | D:3      | Reached skill level 5 in Spellcasting
  2165 | D:3      | Reached XP level 5. HP: 25/28 MP: 6/15
  2165 | D:3      | Reached XP level 6. HP: 28/32 MP: 6/16
  2316 | D:3      | Noticed Robin
  2343 | D:3      | Killed Robin
  2399 | D:3      | Reached ** piety under Kikubaaqudgha
  2487 | D:3      | Noticed Natasha
  2500 | D:3      | Killed Natasha
  2658 | D:3      | Noticed Natasha
  2668 | D:3      | Killed Natasha
  3026 | D:4      | Identified the +5 ring mail "Vohumi" {Harm rCorr Int+6
                  | Dex-2}
  3038 | D:4      | Found a staircase to the Ecumenical Temple.
  3185 | D:4      | Reached XP level 7. HP: 36/36 MP: 8/18
  3581 | D:4      | Noticed Pikel
  3593 | D:4      | Killed Pikel
  3594 | D:4      | Reached skill level 5 in Dodging
  3594 | D:4      | Reached skill level 5 in Stealth
  3594 | D:4      | Reached XP level 8. HP: 35/41 MP: 5/21
  3968 | D:5      | Entered Level 5 of the Dungeon
  4440 | D:5      | Found a basalt altar of Yredelemnul.
  5060 | D:5      | Reached *** piety under Kikubaaqudgha
  5060 | D:5      | Received a gift from Kikubaaqudgha
  5079 | D:5      | Learned a level 4 spell: Dispel Undead
  5086 | D:5      | Learned a level 6 spell: Death Channel
  5109 | D:5      | Found a hazy altar of Hepliaklqana.
  5203 | D:5      | Noticed Duvessa
  5204 | D:5      | Noticed Dowan
  5219 | D:5      | Killed Duvessa
  5223 | D:5      | Your ally Duvessa died
  5233 | D:5      | Killed Dowan
  5257 | D:5      | Your ally Dowan died
  5484 | D:5      | Found a large runed translucent door.
  5485 | D:5      | Found a large runed translucent door.
  6121 | D:6      | HP: 1/41 [ufetubus (3)]
  6121 | D:6      | Slain by an ufetubus

Illustrated notes

Levels and vault maps discovered:
D:1:      dpeg_arrival_lava_temple_mockup, layout_basic, serial_shops, shop,
          grunt_decor_fettered
D:2:      layout_loops_ring, serial_shops, nicolae_shop_dealshenge
D:3:      layout_rooms, mainiacjoe_overflow_catwalk, gup_sewer_entry_bubbles,
          basic_ecumenical_altar, uniq_natasha, uniq_grinder, uniq_robin
D:4:      layout_cave_pools, minmay_temple_entry_junction, uniq_pikel
D:5:      layout_basic, nicolae_hepliaklqana_monster_ancestors,
          nicolae_yredelemnul_corpse_copse, jmf_multi_god_temple2, uniq_duvessa
D:6:      layout_basic, okawaru_altar_gauntlet_db

Skill      XL: |  1  2  3  4  5  6  7  8 |
---------------+-------------------------+-----
Necromancy     | 5 6 7 8 9 |  9.4
Stealth        | 3 4 5 6 |  6.4
Dodging        | 3 4 5 6 |  6.1
Spellcasting   | 4 5 6 7 9 |  9.3

Action                     |  1- 3 |  4- 6 |  7- 9 || total
---------------------------+-------+-------+-------++-------
  Melee: Staff             |       |       |    63 ||    63
         Scimitar          |       |       |    23 ||    23
         Punch             |       |       |     2 ||     2
   Fire: Sling             |     2 |     6 |       ||     8
  Throw: Stone             |     5 |       |     2 ||     7
   Cast: Necrotise         |    62 |    87 |   115 ||   264
         Animate Dead      |       |     8 |     7 ||    15
         Vampiric Draining |       |     1 |     9 ||    10
  Evoke: Wand              |       |     9 |       ||     9
    Use: Potion            |       |       |     7 ||     7
 Armour: Robe              |     3 |     3 |    23 ||    29
  Dodge: Dodged            |     3 |    17 |   182 ||   202
